[Event "Team 45 45 League T25"]
[Site "Internet Chess Club"]
[Date "2004.12.10"]
[Round "1"]
[White "hoyd"]
[Black "Mr-Patzer2u"]
[Result "0-1"]
[WhiteElo "1581"]
[BlackElo "1621"]
[TimeControl "2700+45"]

1. e4 e6 2. d4 d5 3. exd5 Qxd5 4. Nf3 Nc6 5. Be2 Nf6 6. O-O Be7 7. Nc3 Qd8 8.
Bg5 Nd5 9. Nxd5 Bxg5 10. Nxg5 exd5 11. Nf3 O-O 12. Ne5 Nxe5 13. dxe5 Re8 14. f4
a6 15. Bg4 Bxg4 16. Qxg4 Re6 17. Rad1 c5 18. c3 Qd7 19. Qe2 Rae8 20. Qd3 Rd8 21.
Rf2 Qc6 22. Rf3 Qb6 23. Qe2 f6 24. Re3 c4 25. Kf1 d4 26. cxd4 Rxd4 27. Rxd4 Qxd4
28. Re4 Qd3 29. Rxc4 Qxe2+ 30. Kxe2 fxe5 31. Re4 Kf7 32. Rxe5 Rxe5+ 33. fxe5 Ke6
34. Ke3 Kxe5 35. g4 g5 36. a4 a5 37. b3 b6 38. h3 h6 39. Kf3 Kd4 40. Kf2 Ke4 41.
Kg3 Ke3 42. h4 Kd3 43. hxg5 hxg5 44. Kf3 Kd4 45. Ke2 Kc3 46. Ke3 Kxb3 47. Ke4
Kxa4 48. Kf5 b5 49. Kxg5 b4 50. Kh6 b3 51. g5 b2 52. g6 b1=Q 53. g7 Qg1 54. Kh7
Qxg7+ 55. Kxg7 Kb3 56. Kf6 a4 57. Ke5 a3 58. Kd4 a2 59. Kd3 a1=Q 60. Ke4 Qc1 61.
Kd3 Qc2+ 62. Kd4 Qc3+ 63. Kd5 Qc4+ 64. Kd6 Qb5 65. Ke6 Qc5 66. Kf6 Qd5 67. Kg6
Qe5 68. Kf7 Qd6 69. Kg7 Qe6 70. Kf8 Qd7 71. Kg8 Kc4 72. Kf8 Kd5 73. Kg8 Ke6 74.
Kf8 Kf6 75. Kg8 Qg7# {White checkmated} 0-1

[Event "Team 45 45 League T25"]
[Site "Internet Chess Club"]
[Date "2004.12.13"]
[Round "1"]
[White "SpeedBlade"]
[Black "Gardener"]
[Result "0-1"]
[WhiteElo "1427"]
[BlackElo "1544"]
[TimeControl "2700+45"]

1. c4 e6 2. g3 Nf6 3. Bg2 d5 4. Nf3 Bd6 5. O-O Nc6 6. d4 h6 7. Qc2 Nb4 8. Qb3
dxc4 9. Qxc4 Nbd5 10. Nc3 c6 11. Re1 O-O 12. e4 Nb6 13. Qe2 Bc7 14. a4 Nh7 15.
Be3 Nd7 16. Rad1 Ndf6 17. h3 Ba5 18. Bd2 Bc7 19. e5 Nd5 20. Nxd5 exd5 21. Bb4
Re8 22. Qc2 Be6 23. Kh2 Ba5 24. Qc3 Bxb4 25. Qxb4 Qd7 26. b3 Rf8 27. Qd2 f6 28.
b4 Qf7 29. b5 fxe5 30. dxe5 Bxh3 31. Qe2 Bxg2 32. Kxg2 Qe6 33. Nd4 Qd7 34. e6
Qc7 35. e7 Rfe8 36. Qe6+ Kh8 37. bxc6 Ng5 38. Qxd5 Rxe7 39. cxb7 Qxb7 40. Qxb7
Rxb7 41. Re2 Rd8 42. Red2 Ne4 43. Rd3 Nc5 44. R3d2 Nxa4 45. Nc6 Rxd2 46. Rxd2
Rc7 47. Ra2 Rxc6 48. Rxa4 a6 49. Ra5 g5 50. Kf3 Kg7 51. Ke4 Kg6 52. f3 h5 53.
Kd5 Rf6 54. Ke4 h4 55. gxh4 gxh4 56. Ke3 Kf7 57. Kf2 h3 58. Kg3 Rh6 59. Kh2 Ke7
60. f4 Kd7 61. Ra3 Kc7 62. f5 Kd7 63. f6 Rxf6 64. Rxh3 Kc6 65. Ra3 Kb5 66. Kg3
Kb4 67. Ra1 a5 68. Kg4 a4 69. Kg5 Rf2 70. Rd1 a3 71. Rd4+ Kb3 72. Rd3+ Kb2 73.
Rd2+ Rxd2 {White resigns} 0-1

[Event "Team 45 45 League T25"]
[Site "Internet Chess Club"]
[Date "2004.12.09"]
[Round "1"]
[White "MrEvill"]
[Black "DynamoKyiv"]
[Result "0-1"]
[WhiteElo "1435"]
[BlackElo "1383"]
[TimeControl "2700+45"]

1. e4 e5 2. Nf3 Nc6 3. d4 exd4 4. Nxd4 Bc5 5. Be3 Qf6 6. c3 Nge7 7. Bc4 Ne5 8.
Be2 d5 9. Nd2 c6 10. O-O O-O 11. f4 N5g6 12. e5 Qh4 13. N4f3 Bxe3+ 14. Kh1 Qxf4
15. e6 Bxe6 16. Nd4 Qe5 17. N2f3 Qd6 18. Qd3 Nf4 19. Qxe3 Nxe2 20. Qxe2 Rae8 21.
Ne5 f6 22. Nxe6 Qxe6 23. Qg4 Qxe5 24. Rae1 Qd6 25. Re6 Qd7 26. Rfe1 Ng6 27. Rxe8
Qxg4 {White resigns} 0-1

[Event "Team 45 45 League T25"]
[Site "Internet Chess Club"]
[Date "2004.12.08"]
[Round "1"]
[White "gartman"]
[Black "SilentIndian"]
[Result "0-1"]
[WhiteElo "1693"]
[BlackElo "1741"]
[TimeControl "2700+45"]

1. e4 e6 2. d4 d5 3. Nc3 Nf6 4. e5 Nfd7 5. Nce2 c5 6. c3 cxd4 7. cxd4 f6 8. f4
fxe5 9. fxe5 Bb4+ 10. Bd2 Qh4+ 11. g3 Qe4 12. Bxb4 Qxh1 13. Bh3 Nc6 14. Bd6 Qxh2
15. Bxe6 Nb6 16. Bxc8 Nxc8 17. Ba3 N8e7 18. Bxe7 Nxe7 19. Qa4+ Nc6 20. Qb3 O-O-O
21. O-O-O Rhf8 22. Nf4 Rxf4 23. gxf4 Qxf4+ 24. Kb1 Nxd4 25. Qc3+ Nc6 26. Nf3
Qe4+ 27. Ka1 d4 28. Qb3 d3 29. Qe6+ Kb8 30. Ng5 Qe2 31. Qb3 Nd4 32. Qa4 Nc2+
{White resigns} 0-1

[Event "Team 45 45 League T25"]
[Site "Internet Chess Club"]
[Date "2004.12.13"]
[Round "1"]
[White "ebattousai"]
[Black "PostMike"]
[Result "0-1"]
[WhiteElo "1573"]
[BlackElo "1645"]
[TimeControl "2700+45"]

1. e4 e5 2. Nc3 Nf6 3. Bc4 Bb4 4. a3 Bxc3 5. dxc3 O-O 6. Bg5 h6 7. Bh4 d6 8. f3
Re8 9. Qd2 Be6 10. Bd3 Nbd7 11. g4 Qc8 12. g5 hxg5 13. Bxg5 Nh5 14. O-O-O f6 15.
Be3 Nf8 16. Ne2 Ng6 17. Rdg1 Kf7 18. f4 Ngxf4 19. Nxf4 exf4 20. Bxf4 Nxf4 21.
Qxf4 Bh3 22. Qh4 Rh8 23. Bc4+ Be6 24. Bxe6+ Qxe6 25. Qg3 g5 26. Qd3 Rh3 27. Qd5
c6 28. Qxe6+ Kxe6 29. Rg3 Rah8 30. Rxh3 Rxh3 31. Kd2 Ke5 32. b4 b5 33. Kc1 g4
34. Rg1 Rh4 35. Kb2 Kxe4 36. Re1+ Kf3 37. Re6 f5 38. Rxd6 Rxh2 {White resigns}
0-1

[Event "Team 45 45 League T25"]
[Site "Internet Chess Club"]
[Date "2004.12.12"]
[Round "1"]
[White "Eatfatty"]
[Black "maclem279"]
[Result "1/2-1/2"]
[WhiteElo "1528"]
[BlackElo "1561"]
[TimeControl "2700+45"]

1. e4 e6 2. d4 d5 3. Nc3 Nf6 4. e5 Nfd7 5. f4 c5 6. Nf3 Nc6 7. Be3 cxd4 8. Nxd4
Bc5 9. Qd2 O-O 10. O-O-O a6 11. Qf2 Bb4 12. Nxc6 bxc6 13. Na4 Qa5 14. b3 Rb8 15.
Kb1 Qxa4 16. bxa4 Be1+ 17. Kc1 Bxf2 18. Bxf2 Rb4 19. Rd4 Rxd4 20. Bxd4 c5 21.
Bf2 c4 22. Be2 a5 23. Kd2 f6 24. exf6 Nxf6 25. Bf3 Bd7 26. Bb6 Ra8 27. Rb1 Bxa4
28. Bc7 Bc6 29. Rb8+ Rxb8 30. Bxb8 Kf7 31. Bc7 a4 32. a3 Ke7 {Game drawn by
mutual agreement} 1/2-1/2

[Event "Team 45 45 League T25"]
[Site "Internet Chess Club"]
[Date "2004.12.10"]
[Round "1"]
[White "Gomer"]
[Black "Bookkeeper"]
[Result "1/2-1/2"]
[WhiteElo "1348"]
[BlackElo "1439"]
[TimeControl "2700+45"]

1. e4 d6 2. d4 g6 3. Nc3 Nf6 4. Be3 Bg7 5. Qd2 O-O 6. O-O-O Ng4 7. Bf4 Nc6 8. f3
Nf6 9. Bh6 a5 10. Bxg7 Kxg7 11. h4 h5 12. Be2 e5 13. d5 Nd4 14. g4 Nxe2+ 15.
Ngxe2 hxg4 16. fxg4 Bxg4 17. Rdg1 Rh8 18. Ng3 c6 19. Qg5 Bf3 20. Nf5+ Kf8 21.
Rh2 Rh5 22. Qg3 Bg4 23. Ne3 Bd7 24. Rhg2 b5 25. Qf2 b4 26. Ne2 cxd5 27. exd5 Ne4
28. Qf3 Rxh4 29. Rxg6 Be8 30. Rg8+ Ke7 31. Nf5+ Kd7 32. Nxh4 Qxh4 33. Qf5+ Kc7
34. R8g4 Bd7 35. Qxf7 Qh2 36. R4g2 Qh4 37. Qf3 Rh8 38. b3 Rh7 39. Rg7 Qh6+ 40.
Kb2 Rxg7 41. Rxg7 Qxg7 42. Qxe4 Bb5 43. c3 Bxe2 44. Qxe2 e4 45. Qc4+ Kd8 {Game
drawn by mutual agreement} 1/2-1/2

[Event "Team 45 45 League T25"]
[Site "Internet Chess Club"]
[Date "2004.12.13"]
[Round "1"]
[White "Vombat"]
[Black "AMAV"]
[Result "1-0"]
[WhiteElo "2141"]
[BlackElo "2075"]
[TimeControl "2700+45"]

1. d4 Nf6 2. c4 g6 3. Nc3 d5 4. Nf3 Bg7 5. Qb3 dxc4 6. Qxc4 O-O 7. e4 b6 8. e5
Ne8 9. Bf4 Ba6 10. Qd5 Qxd5 11. Nxd5 e6 12. Ne7+ Kh8 13. Bxa6 Nxa6 14. Nc6 Nb8
15. Rc1 Nxc6 16. Rxc6 h6 17. h4 Rd8 18. O-O Kh7 19. Rfc1 Rd7 20. a3 Rd5 21. R1c4
Rg8 22. Bd2 a5 23. g3 Rh8 24. Kg2 Kg8 25. Be3 Kf8 26. Nd2 Ke7 27. Ne4 Kd8 28.
Nc3 Rd7 29. Nb5 Bf8 30. Kh3 Be7 31. f4 h5 32. Na7 Bf8 33. Rxb6 Rd5 34. Nc6+ Kd7
35. Rb8 Be7 36. Bd2 Bc5 37. Rxc5 Rxc5 38. dxc5 Kxc6 39. Bxa5 Rg8 40. b4 f6 41.
b5+ Kd7 42. c6+ Ke7 43. Bxc7 Rg7 44. b6 Rf7 45. Rd8 fxe5 46. Rd7+ Kf8 47. b7
{Black resigns} 1-0

[Event "Team 45 45 League T25"]
[Site "Internet Chess Club"]
[Date "2004.12.11"]
[Round "1"]
[White "BaroneRosso"]
[Black "DavidBarnsley"]
[Result "1-0"]
[WhiteElo "1981"]
[BlackElo "1952"]
[TimeControl "2700+45"]

1. d4 e6 2. c4 f5 3. Nc3 Bb4 4. e3 Bxc3+ 5. bxc3 Nf6 6. Ba3 d6 7. Bd3 O-O 8. c5
Re8 9. cxd6 cxd6 10. Ne2 e5 11. Bc4+ Kh8 12. O-O Nc6 13. Bb3 Qc7 14. Rc1 Na5 15.
c4 Nxb3 16. axb3 b6 17. Qc2 Be6 18. Bb2 Rac8 19. Rfe1 Qf7 20. dxe5 dxe5 21. Bxe5
b5 22. Bxf6 Qxf6 23. Nd4 bxc4 24. Nxe6 Rxe6 25. bxc4 Rec6 26. Qa4 Qf7 27. Red1
h6 28. Rd4 Qb7 29. Qd1 Qb4 30. Rd8+ Rxd8 31. Qxd8+ Kh7 32. Qd3 Qc5 33. g4 Rg6
34. f3 fxg4 35. fxg4 Qh5 36. Qe4 Qxg4+ 37. Qxg4 Rxg4+ 38. Kf2 Rg6 39. c5 Rc6 40.
e4 Kg6 41. Ke3 Kf6 42. Kd4 Ke6 43. Ra1 a6 44. h4 Kd7 45. Rg1 g6 46. Kd5 a5 47.
Rf1 Ra6 48. Rf7+ Ke8 49. Rb7 a4 50. c6 a3 51. Rb8+ Ke7 52. c7 Rd6+ 53. Kc5 a2
54. c8=Q a1=Q 55. Qe8+ Kf6 {Black resigns} 1-0

[Event "Team 45 45 League T25"]
[Site "Internet Chess Club"]
[Date "2004.12.12"]
[Round "1"]
[White "Chief-Justice"]
[Black "camembert"]
[Result "1/2-1/2"]
[WhiteElo "1918"]
[BlackElo "1854"]
[TimeControl "2700+45"]

1. e4 e5 2. Nf3 Nc6 3. Bb5 a6 4. Bxc6 dxc6 5. h3 f6 6. O-O Bc5 7. c3 Ne7 8. d4
exd4 9. Nxd4 O-O 10. Be3 Bd6 11. Nd2 c5 12. Qb3+ Kh8 13. Ne6 Bxe6 14. Qxe6 Ng6
15. Rad1 Re8 16. Qd5 c6 17. Qf5 Qe7 18. Nc4 Bc7 19. Rd7 Qxe4 20. Qxe4 Rxe4 21.
Rxc7 Rxc4 22. Rd1 Nf4 23. Rdd7 Nd5 24. Rxb7 Nxe3 25. fxe3 Rg8 26. Rdc7 Re4 27.
Kf2 Ree8 28. Rxc6 Rb8 29. Rxb8 Rxb8 30. Rxc5 Rxb2+ 31. Kf3 Kg8 32. a4 Ra2 33. a5
Kf7 34. h4 g6 35. c4 Ke7 36. h5 Kd6 37. Rd5+ Ke6 38. e4 Ra4 39. c5 Rxa5 40. h6
f5 41. Rd6+ Ke7 42. exf5 gxf5 43. Rc6 Kd7 44. Rf6 Rxc5 45. Rf7+ Ke6 46. Rxh7 Kf6
47. Ra7 Rc8 48. Rxa6+ Kg5 49. h7 Rc3+ 50. Kf2 Rc8 51. Ke3 Rh8 52. Ra7 Kg6 53.
Kf4 Rf8 54. Rd7 Re8 55. Re7 Rd8 56. Ke5 Rh8 57. g3 Rd8 58. Ke6 Rf8 59. Kd7 Rh8
60. Ke6 Rf8 61. Kd6 Rh8 62. Kd7 Rxh7 63. Rxh7 Kxh7 64. Ke6 Kg6 65. Ke5 Kg5 66.
Ke6 Kg4 67. Ke5 Kxg3 68. Kxf5 {Game drawn because neither player has mating
material} 1/2-1/2

[Event "Team 45 45 League T25"]
[Site "Internet Chess Club"]
[Date "2004.12.12"]
[Round "1"]
[White "Xaturanga"]
[Black "forquesato"]
[Result "0-1"]
[WhiteElo "1753"]
[BlackElo "1789"]
[TimeControl "2700+45"]

1. e4 c5 2. Nf3 d6 3. d4 cxd4 4. Nxd4 Nf6 5. Nc3 e6 6. Bc4 Nc6 7. Be3 Be7 8. O-O
O-O 9. f4 a6 10. a4 Qc7 11. Bb3 Bd7 12. Kh1 Nxd4 13. Bxd4 b5 14. axb5 axb5 15.
e5 Rxa1 16. Qxa1 Ne8 17. Qd1 dxe5 18. Bxe5 Bd6 19. Bxd6 Nxd6 20. Qd3 b4 21. Na2
Bb5 22. Qd1 Bxf1 23. Qxf1 Rb8 24. Qe1 Qb6 25. Nc1 Nf5 26. Nd3 Qe3 27. Qd1 Nd4
28. Bc4 Qe2 29. Qg1 Nxc2 30. Ne5 Qe1 {White resigns} 0-1

[Event "Team 45 45 League T25"]
[Site "Internet Chess Club"]
[Date "2004.12.11"]
[Round "1"]
[White "Catalog"]
[Black "sloper-c"]
[Result "1/2-1/2"]
[WhiteElo "2131"]
[BlackElo "2049"]
[TimeControl "2700+45"]

1. d4 d6 2. c4 g6 3. Nc3 Nf6 4. e4 Bg7 5. f3 O-O 6. Be3 c5 7. d5 Nbd7 8. g4 Qa5
9. Be2 Ne8 10. Bd2 a6 11. Nh3 Rb8 12. Qc2 Qd8 13. Nf2 Nc7 14. h4 b5 15. cxb5
Nxb5 16. Nxb5 axb5 17. O-O-O b4 18. Rdg1 b3 19. axb3 Qb6 20. Rg2 Qxb3 21. Qxb3
Rxb3 22. Nd1 Rb8 23. h5 Nb6 24. hxg6 hxg6 25. Nc3 Bd7 26. Rgh2 Ra8 27. Kc2 f6
28. Bb5 Kf7 29. Bxd7 Nxd7 30. f4 Rh8 31. Nb5 Rxh2 32. Rxh2 Rb8 33. Nc7 f5 34.
Ne6 Rh8 35. Rg2 fxg4 36. Rxg4 Bf6 37. Rg3 Rb8 38. b3 Ra8 39. Rh3 Rh8 40. Re3 Rh2
41. Kd3 Bh4 42. Ba5 Nf6 43. Kc4 Rc2+ 44. Kb5 Bf2 45. Rh3 Re2 46. Rh8 Ng8 47.
Rh7+ Ke8 48. Rh8 Kf7 49. Kc6 Bd4 50. Rh7+ Ke8 51. Nc7+ Kf8 52. Ne6+ Ke8 53. Nxd4
cxd4 54. b4 d3 55. b5 Rc2+ 56. Kb7 d2 57. Bxd2 Rxd2 58. b6 Nf6 59. Rh8+ Kd7 60.
Rc8 Nxe4 61. Rc7+ Kd8 62. Rc8+ Kd7 63. Rc7+ Kd8 64. Rc8+ Kd7 {Game drawn by
repetition} 1/2-1/2

[Event "Team 45 45 League T25"]
[Site "Internet Chess Club"]
[Date "2004.12.11"]
[Round "1"]
[White "A-Ru"]
[Black "DTK"]
[Result "0-1"]
[WhiteElo "1989"]
[BlackElo "1931"]
[TimeControl "2700+45"]

1. d4 Nf6 2. Nf3 d5 3. e3 Bf5 4. c4 c6 5. Qb3 Qb6 6. c5 Qc7 7. Nc3 Nbd7 8. Bd2
e5 9. Be2 Be7 10. O-O e4 11. Nh4 Ng4 12. g3 Bxh4 13. Bxg4 Bxg4 14. gxh4 Bf3 15.
Rfe1 g5 16. h5 Nf6 17. h3 g4 18. Ne2 gxh3 19. Ng3 Rg8 20. Kh2 Ng4+ 21. Kg1 h2+
{White resigns} 0-1

[Event "Team 45 45 League T25"]
[Site "Internet Chess Club"]
[Date "2004.12.12"]
[Round "1"]
[White "Rainbird"]
[Black "DirkPlenty"]
[Result "1/2-1/2"]
[WhiteElo "1637"]
[BlackElo "1927"]
[TimeControl "2700+45"]

1. Nf3 Nf6 2. c4 e6 3. g3 d5 4. Bg2 dxc4 5. Qc2 Nc6 6. O-O e5 7. Na3 Bxa3 8.
bxa3 Be6 9. Rb1 Rb8 10. Bb2 Nd4 11. Nxd4 exd4 12. Qa4+ c6 13. Qxa7 O-O 14. Qxd4
Qxd4 15. Bxd4 Nd5 16. Rfc1 Nc7 17. Ba7 Ra8 18. Rxb7 Nb5 19. Bc5 Rfc8 20. Rxb5
cxb5 21. Bxa8 Rxa8 22. Rb1 Bd7 23. d3 cxd3 24. exd3 f6 25. d4 Kf7 26. f4 Re8 27.
Kf2 Bc6 28. d5 Bxd5 29. Rxb5 Re2+ 30. Kxe2 Bc4+ {Game drawn by mutual agreement}
1/2-1/2

[Event "Team 45 45 League T25"]
[Site "Internet Chess Club"]
[Date "2004.12.11"]
[Round "1"]
[White "OxidisedLizard"]
[Black "kevinfons"]
[Result "1-0"]
[WhiteElo "1765"]
[BlackElo "1542"]
[TimeControl "2700+45"]

1. e4 c5 2. Nf3 Nc6 3. d4 cxd4 4. Nxd4 e5 5. Nb5 d6 6. N1c3 a6 7. Na3 Nf6 8. Bg5
Be7 9. Bxf6 Bxf6 10. Nd5 O-O 11. c3 b5 12. Nc2 Be6 13. Nce3 Rb8 14. Qd2 Na5 15.
Nxf6+ Qxf6 16. Qxd6 Bc4 17. Qxf6 gxf6 18. Nxc4 Nxc4 19. Bxc4 bxc4 20. O-O-O Rb5
21. Rd6 Rfb8 22. Rd2 a5 23. Rhd1 Kg7 24. Re1 a4 25. a3 Kf8 26. Re3 Ke7 27. Rh3
Rg8 28. g3 Rg7 29. Re2 Rb8 30. Rh6 Rd8 31. Rd2 Rxd2 32. Kxd2 Ke6 33. Rh5 Ke7 34.
Ke3 Rg8 35. Kd2 Kf8 36. Rxh7 Ke7 37. Rh5 Rd8+ 38. Kc2 Rd3 39. Rf5 Rd8 40. h4 Rg8
41. h5 Rg4 42. h6 Rxe4 43. h7 {Black resigns} 1-0

[Event "Team 45 45 League T25"]
[Site "Internet Chess Club"]
[Date "2004.12.13"]
[Round "1"]
[White "DTK"]
[Black "room-matt"]
[Result "0-1"]
[WhiteElo "1914"]
[BlackElo "1929"]
[TimeControl "2700+45"]

1. e4 e5 2. Nf3 Nc6 3. Bb5 f5 4. Nc3 fxe4 5. Nxe4 Nf6 6. Nxf6+ Qxf6 7. Qe2 Be7
8. Bxc6 dxc6 9. Nxe5 O-O 10. O-O Bd6 11. d4 c5 12. Be3 Bxe5 13. dxe5 Qxe5 14.
Qc4+ Be6 15. Qxc5 Qxc5 16. Bxc5 Rfe8 17. b3 Bf5 18. c4 b6 19. Be3 Rad8 20. Rfe1
h6 21. Rad1 Bc2 22. Rxd8 Rxd8 23. f3 a5 24. Bf4 Rd7 25. Rc1 Bg6 26. c5 b5 27. c6
Rf7 28. g3 Kh7 29. Rc5 Bd3 30. Kg2 g5 31. Be5 Re7 32. f4 gxf4 33. gxf4 Kg6 34.
Rd5 Be4+ {White resigns} 0-1

[Event "Team 45 45 League T25"]
[Site "Internet Chess Club"]
[Date "2004.12.09"]
[Round "1"]
[White "chessateer"]
[Black "Irvin"]
[Result "0-1"]
[WhiteElo "1849"]
[BlackElo "1842"]
[TimeControl "2700+45"]

1. e4 c5 2. Nf3 d6 3. Bb5+ Nc6 4. d3 a6 5. Bxc6+ bxc6 6. O-O e5 7. c4 Be7 8. Nc3
Bg4 9. Qa4 Qd7 10. Ne1 Nf6 11. f4 exf4 12. Bxf4 O-O 13. Nf3 Nh5 14. Be3 Bf6 15.
e5 dxe5 16. Bxc5 Rfd8 17. Ne4 Qxd3 18. Nxf6+ gxf6 19. Rad1 Qe2 20. Rxd8+ Rxd8
21. Qxc6 e4 22. Re1 Qxc4 23. Qb6 Rc8 24. Rxe4 Qxe4 {White resigns} 0-1

[Event "Team 45 45 League T25"]
[Site "Internet Chess Club"]
[Date "2004.12.11"]
[Round "1"]
[White "Budzo"]
[Black "rph"]
[Result "0-1"]
[WhiteElo "1692"]
[BlackElo "1794"]
[TimeControl "2700+45"]

1. d4 Nf6 2. c4 e5 3. dxe5 Ng4 4. Nf3 Bc5 5. e3 Nc6 6. Nbd2 O-O 7. h3 Ngxe5 8.
Nxe5 Nxe5 9. Nf3 Bb4+ 10. Bd2 Bxd2+ 11. Nxd2 d6 12. Be2 Qg5 13. g4 Bd7 14. Nf3
Nxf3+ 15. Bxf3 Qa5+ 16. Qd2 Qxd2+ 17. Kxd2 Rae8 18. Kc2 b6 19. Bd5 g5 20. Rae1
Kg7 21. Kd2 f5 22. gxf5 Rxf5 23. Ref1 Ref8 24. Ke1 h5 25. h4 g4 26. Rhg1 b5 27.
b3 bxc4 28. Bxc4 Bc6 29. Be2 Kh6 30. Rg3 Ra5 31. a4 Raf5 32. Bc4 R5f6 33. Bd3
Rb8 34. Bc2 Bf3 35. e4 Re6 36. Kd2 Rbe8 37. Re1 d5 38. e5 Rxe5 39. Rxe5 Rxe5 40.
Bd1 Bxd1 41. Kxd1 c5 42. Rd3 Kg6 43. Rd2 Kf5 44. Rc2 d4 45. Rd2 Ke4 46. Ke2 Kf4+
47. Kf1 Re7 48. Rd3 Rb7 49. Kg2 Ke4 50. Rd1 Rxb3 51. Re1+ Kd3 52. Re5 c4 53.
Rxh5 c3 54. Rc5 c2 {White resigns} 0-1

[Event "Team 45 45 League T25"]
[Site "Internet Chess Club"]
[Date "2004.12.12"]
[Round "1"]
[White "sigma33"]
[Black "kevinfons"]
[Result "0-1"]
[WhiteElo "1555"]
[BlackElo "1545"]
[TimeControl "2700+45"]

1. d4 d5 2. Nf3 e6 3. e3 Nf6 4. Bd3 Nc6 5. O-O Bd6 6. c3 e5 7. dxe5 Nxe5 8. Nxe5
Bxe5 9. Nd2 O-O 10. Nf3 Bg4 11. h3 Bxf3 12. Qxf3 c5 13. Rd1 Qc7 14. Bd2 Rae8 15.
Rac1 a6 16. Kh1 Ne4 17. Be1 f5 18. Qe2 f4 19. Bxe4 dxe4 20. exf4 Bxf4 21. Bd2
Bxd2 22. Rxd2 Qf4 23. Rcd1 e3 24. fxe3 Rxe3 25. Qh5 Re5 26. Qf3 Qxf3 27. gxf3
Rxf3 28. Rd8+ Rf8 29. Rxf8+ Kxf8 30. Rd7 Re7 31. Rd5 Rc7 32. Kg2 Ke7 33. Kf3 b6
34. Ke4 Rc6 35. Rh5 h6 36. c4 g5 37. h4 gxh4 38. Rxh4 Rd6 39. Ke3 Kf7 40. Rg4
Kf6 41. Rg2 h5 42. Kf4 Rd4+ 43. Kg3 Rg4+ 44. Kf3 Rxg2 45. Kxg2 Ke5 46. Kh3 Kd4
47. b3 Kc3 48. Kh4 Kb2 49. Kxh5 Kxa2 {White resigns} 0-1

[Event "Team 45 45 League T25"]
[Site "Internet Chess Club"]
[Date "2004.12.09"]
[Round "1"]
[White "steve"]
[Black "doobedoo"]
[Result "0-1"]
[WhiteElo "1947"]
[BlackElo "1832"]
[TimeControl "2700+45"]

1. e4 c6 2. d4 d5 3. exd5 cxd5 4. c4 Nf6 5. Nc3 e6 6. Nf3 Bb4 7. cxd5 Nxd5 8.
Bd2 Nc6 9. Bd3 Nf6 10. Bg5 O-O 11. O-O Be7 12. Qd2 Nb4 13. Bb1 Bd7 14. a3 Nbd5
15. Nxd5 Nxd5 16. Bxe7 Nxe7 17. Ne5 Bc6 18. Qf4 Rc8 19. Rd1 Nd5 20. Qe4 Nf6 21.
Qh4 Qd5 22. Qh3 g6 23. Ba2 Qe4 24. Rac1 Bd5 25. Bxd5 Qxd5 26. Qe3 Kg7 27. f4
Rfd8 28. Nf3 Qe4 29. Qxe4 Nxe4 30. Ne5 Rxd4 31. g3 f6 32. Nf3 Rxc1 33. Rxc1 Rd3
34. Kg2 Nd2 35. Rc7+ Kh6 36. Ne1 Rb3 37. Rc2 Ne4 38. Nf3 Re3 39. Nd4 e5 40. fxe5
fxe5 41. Nf3 Ng5 42. Nxg5 Kxg5 43. Kf2 Rb3 44. Re2 Kf5 45. Kg2 e4 46. Kf2 b5 47.
Kg2 a5 48. Kf2 Ke5 49. Rc2 h5 50. Ke2 a4 51. Kf2 Kd4 52. Ke2 b4 53. axb4 Rxb4
54. Rd2+ Ke5 55. Rc2 Rb3 56. Kf2 g5 57. Ke2 Kd4 58. Rd2+ Rd3 59. Rc2 Re3+ 60.
Kd2 Rb3 61. Ke2 g4 62. Rd2+ Rd3 63. Rc2 e3 64. Ke1 Rb3 65. Ke2 Rb5 66. Ke1 Rc5
67. Rxc5 Kxc5 68. Ke2 Kd4 69. b4 axb3 70. Ke1 Kd3 71. Kf1 {White resigns} 0-1

[Event "Team 45 45 League T25"]
[Site "Internet Chess Club"]
[Date "2004.12.11"]
[Round "1"]
[White "Pick"]
[Black "JohnCohen"]
[Result "0-1"]
[WhiteElo "1591"]
[BlackElo "1761"]
[TimeControl "2700+45"]

1. d4 g6 2. Nf3 Bg7 3. e3 d5 4. Bd3 Nf6 5. Nbd2 O-O 6. O-O c5 7. c3 Nc6 8. Qe2
Bg4 9. h3 Bxf3 10. Nxf3 Qb6 11. Re1 Rfe8 12. Rb1 e5 13. dxe5 Nxe5 14. Nxe5 Rxe5
15. b4 c4 16. Bc2 Qc6 17. a4 b6 18. b5 Qb7 19. Qf3 Nd7 20. Ba3 Rg5 21. Bb2 Ne5
22. Qe2 d4 23. f4 Nf3+ 24. Kh1 Nxe1 25. fxg5 Nxc2 26. Qxc2 d3 27. Qd2 Qd5 28. h4
Bf8 29. Rf1 Re8 30. Rf4 Bc5 31. Bc1 Bxe3 32. Qe1 d2 33. Bxd2 Qxd2 34. Rf1 Re4
35. g3 Qd5 36. Rf3 Rxh4+ 37. Kg2 Rh2+ 38. Kxh2 Qxf3 39. Qh1 Qxh1+ 40. Kxh1 Bd2
41. Kg2 Bxc3 42. Kf2 Bd2 {White resigns} 0-1

[Event "Team 45 45 League T25"]
[Site "Internet Chess Club"]
[Date "2004.12.12"]
[Round "1"]
[White "ruukki"]
[Black "Ciclamino"]
[Result "0-1"]
[WhiteElo "1719"]
[BlackElo "1621"]
[TimeControl "2700+45"]

1. d4 d5 2. Nf3 e6 3. e3 Nf6 4. Bd3 Be7 5. Nbd2 O-O 6. b3 h6 7. Bb2 b6 8. O-O c5
9. c4 Bb7 10. Ne5 Nc6 11. f4 Rc8 12. Rc1 Nb4 13. Bb1 dxc4 14. Ndxc4 cxd4 15.
exd4 Be4 16. Bxe4 Nxe4 17. Qe2 Nd6 18. a3 Nd5 19. Ng6 fxg6 20. Qxe6+ Nf7 21. Ne5
Rxc1 22. Rxc1 Nxf4 23. Qc4 Bd6 24. g3 Bxe5 25. dxe5 Nh3+ 26. Kg2 Qd2+ 27. Kxh3
Qxb2 28. e6 Ng5+ 29. Kg4 h5+ {White resigns} 0-1

[Event "Team 45 45 League T25"]
[Site "Internet Chess Club"]
[Date "2004.12.12"]
[Round "1"]
[White "Traho"]
[Black "clarnibass"]
[Result "0-1"]
[WhiteElo "1373"]
[BlackElo "1691"]
[TimeControl "2700+45"]

1. e4 e6 2. d4 d5 3. e5 c5 4. Nf3 cxd4 5. Nxd4 Bd7 6. c4 Qc7 7. cxd5 Qxe5+ 8.
Be3 Qxd5 9. Nc3 Bb4 10. Nc2 Bxc3+ 11. bxc3 Qxd1+ 12. Rxd1 Nf6 13. Bd4 Ba4 14.
Bd3 Nc6 15. Bxf6 gxf6 16. O-O Ne5 17. Be4 f5 18. Bxf5 exf5 19. Rfe1 f6 20. Rd2
Bxc2 21. Rxc2 Kf7 22. Rd2 Rhd8 23. Rd4 Rxd4 24. cxd4 Nc6 25. d5 Ne7 26. d6 Nc6
27. Re2 Rd8 28. Rd2 Ke6 29. d7 Rxd7 30. Rxd7 Kxd7 31. f3 f4 32. Kf2 Ke6 33. g3
fxg3+ 34. hxg3 Nb4 35. a3 Nc2 36. a4 a6 37. a5 Nb4 38. Ke3 Nc6 39. Kf4 Nxa5
{White resigns} 0-1

[Event "Team 45 45 League T25"]
[Site "Internet Chess Club"]
[Date "2004.12.13"]
[Round "1"]
[White "Zillmer"]
[Black "DeepHmmm"]
[Result "1-0"]
[WhiteElo "2168"]
[BlackElo "2229"]
[TimeControl "2700+45"]

1. e4 c5 2. Nc3 e6 3. f4 d5 4. Nf3 dxe4 5. Nxe4 Nf6 6. Bb5+ Bd7 7. Qe2 Be7 8.
Ne5 O-O 9. Nxd7 Nbxd7 10. c3 Qc7 11. O-O Nxe4 12. Qxe4 Nf6 13. Qf3 a6 14. Bd3 c4
15. Bc2 Rac8 16. d4 cxd3 17. Bxd3 g6 18. Be3 Qc6 19. Qg3 Rfd8 20. Bd4 Bc5 21. f5
Bxd4+ 22. cxd4 exf5 23. Bxf5 Rb8 24. Rad1 Rf8 25. Qg5 Rbd8 26. Rf3 Qb6 27. Rdf1
Rxd4 28. Kh1 Rd6 29. Bc2 Kg7 30. Bb3 Re8 31. Rh3 Qb5 32. Qh6+ Kh8 33. Rhf3 Ng4
34. Qf4 Rf6 35. Qd4 Qe5 36. Qxg4 Rxf3 37. Qxf3 f5 38. Qxb7 a5 39. Qd5 Qxb2 40.
Qxa5 Re2 41. Qd8+ Kg7 42. Rd1 h5 43. Qg5 {Black resigns} 1-0

[Event "Team 45 45 League T25"]
[Site "Internet Chess Club"]
[Date "2004.12.12"]
[Round "1"]
[White "Squaredance"]
[Black "alastorx"]
[Result "0-1"]
[WhiteElo "1927"]
[BlackElo "1949"]
[TimeControl "2700+45"]

1. d4 e6 2. Nf3 d5 3. e3 c5 4. c3 Nf6 5. Bd3 Nbd7 6. Nbd2 Bd6 7. O-O O-O 8. Re1
Qc7 9. e4 dxe4 10. Nxe4 Nxe4 11. Bxe4 Nf6 12. Bg5 Nxe4 13. Rxe4 b6 14. Qd3 Bb7
15. Rh4 f5 16. Re1 Be7 17. Rxe6 Bxg5 18. Nxg5 Qd8 19. Qg3 Bd5 20. Reh6 Qe7 21.
Ne6 Bxe6 22. Rxh7 Rf6 23. Qg5 Bd5 24. h3 Re8 25. Qh5 Qe1+ 26. Kh2 Rh6 27. Rxh6
gxh6 28. Qg6+ Kf8 29. Qd6+ Re7 30. Qxd5 Qxf2 31. Rf4 Qxf4+ {White resigns} 0-1

[Event "Team 45 45 League T25"]
[Site "Internet Chess Club"]
[Date "2004.12.11"]
[Round "1"]
[White "Sergio56"]
[Black "Bloomington"]
[Result "0-1"]
[WhiteElo "1890"]
[BlackElo "1928"]
[TimeControl "2700+45"]

1. d4 d5 2. f4 Nf6 3. e3 Bg4 4. Nf3 e6 5. c3 Nbd7 6. Bd3 Ne4 7. O-O Bd6 8. Qc2
Bf5 9. Ne5 Qh4 10. Nd2 Nxd2 11. Bxd2 Bxd3 12. Qxd3 a6 13. Rf3 Qe7 14. Nxd7 Qxd7
15. e4 dxe4 16. Qxe4 Qb5 17. Qc2 O-O 18. f5 exf5 19. Rxf5 Qd7 20. Raf1 Qe6 21.
Rh5 h6 22. Rf3 Rae8 23. Rhf5 Qe4 24. Qc1 Re7 25. Rf1 Rfe8 26. Kh1 Qh4 27. h3 Re2
28. R5f3 Qe4 29. Bxh6 gxh6 30. Qxh6 Rxb2 31. Rg1 Rxa2 32. Rf6 Re6 33. Qg5+ Kf8
{White forfeits on time} 0-1